 Dungeon Crawl Stone Soup version 0.29.1-1-gd02db69 (webtiles) character file.

Game seed: 3797048669788672462

4577 Timinator the Martial Artist (level 9, -18/111 HPs)
             Began as a Demigod Transmuter on Jan 20, 2023.
             Demolished by Harold
             ... wielding a +2 halberd of venom
              (20 damage)
             ... on level 9 of the Dungeon.
             The game lasted 00:26:43 (10046 turns).

Timinator the Martial Artist (Demigod Transmuter)  Turns: 10046, Time: 00:26:44

Health: -18/111    AC: 24    Str: 21    XL:     9   Next: 98%
Magic:  17/17      EV:  2    Int: 15    God:
Gold:   117        SH:  5    Dex: 22    Spells: 7/14 levels left

rFire   . . .      SeeInvis .     - Unarmed
rCold   . . .      Faith    .   (no shield)
rNeg    . . .      Spirit   .   (body armour currently unavailable)
rPois   +          Reflect  +   (helmet currently unavailable)
rElec   .          Harm     .   (cloak currently unavailable)
rCorr   .          Rampage  .   (gloves currently unavailable)
Will    .....      NoTele   +   (boots currently unavailable)
Stlth   ++........              I - amulet of reflection
HPRegen 0.28/turn               h - ring of poison resistance
MPRegen 0.15/turn               w - +6 ring of strength

@: mighty, tree-form, marked, wereblooded (expiring), attractive, invisible
A: stationary, stasis, torment immunity, boosted hp, high MP 1, forlorn, divine
attributes
a: no special abilities


You were on level 9 of the Dungeon.
You were a tree.
You visited 1 branch of the dungeon, and saw 9 of its levels.

You collected 420 gold pieces.
You spent 303 gold pieces at shops.

Inventory:

Missiles
 z - 24 poisoned darts (quivered)
Armour
 n - a +2 pair of gloves (melded)
 q - a +0 helmet (melded)
 v - a +0 cloak (melded)
 B - a +2 pair of boots (melded)
 E - a +0 ring mail (melded)
Jewellery
 d - a ring of positive energy
 h - a ring of poison resistance (left branch)
 w - a +6 ring of strength (right branch)
 y - a ring of positive energy
 C - a ring of fire
 I - an amulet of reflection (around neck)
Wands
 a - a wand of roots (13)
 r - a wand of digging (2)
 s - a wand of acid (13)
Scrolls
 c - 5 scrolls of teleportation
 f - 3 scrolls of butterflies
 i - a scroll of poison {unknown}
 j - a scroll of blinking
 m - a scroll of enchant weapon {unknown}
 o - a scroll of enchant armour {unknown}
 p - 2 scrolls of magic mapping
 x - a scroll of silence
 G - a scroll of identify
 H - a scroll of torment {unknown}
Potions
 b - 2 potions of resistance
 e - 2 potions of magic
 g - a potion of invisibility
 k - a potion of lignification
 u - 3 potions of might
 A - 2 potions of degeneration
 F - 2 potions of flight


   Skills:
 + Level 5.5 Fighting
 - Level 3.2 Throwing
 - Level 3.0 Armour
 + Level 5.7 Dodging
 * Level 8.4 Unarmed Combat
 + Level 3.2 Spellcasting
 + Level 5.8 Transmutations


You had 7 spell levels left.
You knew the following spells:

 Your Spells              Type           Power      Damage    Failure   Level
a - Beastly Appendage     Tmut           38%        N/A       1%          1
b - Wereblood             Tmut           19%        N/A       2%          2
c - Ice Form              Ice/Tmut       11%        N/A       52%         4

Your spell library contained the following spells:

 Spells                   Type           Power      Damage    Failure   Level
 Spider Form              Tmut/Pois      11%        N/A       19%         3
 Scorch                   Fire           4%         2d5       30%         2
 Blade Hands              Tmut           9%         N/A       45%         5
 Portal Projectile        Hex/Tloc       4%         N/A       52%         3
 Tukima's Dance           Hex            2%         N/A       52%         3
 Flame Wave               Conj/Fire      2%         2d4       89%         4
 Summon Cactus Giant      Summ           1%         N/A       100%        6


Dungeon Overview and Level Annotations

Branches:
Dungeon (9/15)             Temple (0/1) D:5
   Lair: D:8-11         Orc: D:9-12

Shops:
D:4 !   D:6 !?=   D:9 [*

Annotations:
D:9 Harold


Innate Abilities, Weirdness & Mutations

You are a tree.
Your roots penetrate the ground, keeping you stationary.
You cannot be teleported.
You are immune to unholy pain and torment.
Your maximum health is greatly increased.
Your equipment is partially melded.
You have an increased reservoir of magic. (+10% MP)
You shall have no god before yourself.
Your divine heritage dramatically boosts your attributes as you level up.


Message History

You are lethally poisoned!
The bat hits you but does no damage. The wyvern is attracted toward you.
You feel better. The bat hits you but does no damage.
The bullfrog completely misses you.
The bullfrog hits you but does no damage. x2
The gnoll hits you but does no damage. The bullfrog barely misses you.
Harold hits you with a +2 halberd of venom.
* * * LOW HITPOINT WARNING * * *
You hit Harold.
Harold is heavily wounded.
The bullfrog hits you but does no damage. x2
You smack Harold!
Harold is heavily wounded.
You creak as the wereblood boils in your veins!
You block the bat's attack. The bat hits you but does no damage.
The bullfrog hits you but does no damage.
Harold hits you but does no damage.
You are poisoned.
The gnoll barely misses you.
The bullfrog hits you but does no damage.
You feel better.
Your primal bloodlust is almost over.
The bat hits you but does no damage. The bullfrog completely misses you.
You block the bullfrog's attack. The bat hits you but does no damage.
Harold hits you with a +2 halberd of venom!!
* * * LOW HITPOINT WARNING * * *
The gnoll hits you but does no damage.
The bullfrog hits you but does no damage.
The bat hits you.
* * * LOW HITPOINT WARNING * * *
You block the bullfrog's attack.
Okay, then.
You smack Harold!
Harold is severely wounded.
The bat hits you but does no damage.
The bullfrog hits you but does no damage.
A kobold brigand comes into view.
It is wielding a +0 dagger and quivering poisoned darts.
The gnoll hits you but does no damage.
Harold hits you with a +2 halberd of venom!!
You die...

#.###.....## ##.........##
#### ##.........## ##..##
##.#.......# #....#
#..##......#########....#
#..@........##.##.......##
....##.#......l.##......###
#.# #........FFb..........#
####.#....g@♣.........###
#......K#####.....##...#
...#.....# #.....##....# .
#...gl# ##..#####..##
###)h.# #### #### ....#
##)..# #.### ().


You could see Harold (unable to see you), a wyvern (unable to see you), a kobold
brigand (unable to see you), 2 bullfrogs, a gnoll (unable to see you) and a bat.

Vanquished Creatures
  A manticore (D:8)
  Psyche (D:8)
  Grinder (D:6)
  6 yaks
  A wyvern (D:9)
  A water moccasin (D:6)
  2 black bears (D:7)
  2 ogres (D:6)
  2 phantoms (D:6)
  3 kobold brigands
  2 bullfrogs (D:8)
  3 gnoll sergeants
  Blork the orc (D:4)
  2 scorpions
  10 killer bees (D:8)
  An electric eel (D:9)
  4 howler monkeys
  A jelly (D:5)
  An orc priest (D:3)
  6 hounds
  3 gnoll boudas
  2 orc wizards (D:7)
  Ijyb (D:3)
  4 iguanas
  Robin (D:3)
  14 gnolls
  8 adders
  6 white imps
  An ufetubus (D:3)
  5 dart slugs
  11 orcs
  4 ball pythons
  6 bats
  14 endoplasms
  16 goblins
  8 hobgoblins
  3 quokkas (D:1)
  A frilled lizard (D:3)
  8 kobolds
  7 rats
174 creatures vanquished.

Vanquished Creatures (others)
  16 fungi (D:9)
16 creatures vanquished.

Grand Total: 190 creatures vanquished

Notes
Turn   | Place    | Note
-------+----------+-------------------------------------------
     0 | D:1      | Timinator the Demigod Transmuter began the quest for the
                  | Orb.
     0 | D:1      | Reached XP level 1. HP: 15/15 MP: 5/5
   180 | D:1      | Reached skill level 1 in Fighting
   433 | D:1      | Reached XP level 2. HP: 16/23 MP: 5/7
   436 | D:1      | Learned a level 2 spell: Wereblood
  1038 | D:1      | Reached skill level 3 in Unarmed Combat
  1367 | D:1      | Reached XP level 3. HP: 28/28 MP: 6/9
  1690 | D:2      | Reached XP level 4. HP: 27/35 MP: 8/10
  1793 | D:2      | Reached skill level 1 in Armour
  2527 | D:3      | Learned a level 4 spell: Ice Form
  2531 | D:3      | Noticed Robin
  2559 | D:3      | Killed Robin
  2560 | D:3      | Reached XP level 5. HP: 40/40 MP: 9/12
  2999 | D:3      | Noticed Ijyb
  3017 | D:3      | Killed Ijyb
  3213 | D:3      | Reached skill level 4 in Unarmed Combat
  3581 | D:4      | Found Zoptuirr's Distillery.
  3630 | D:4      | Bought a potion of curing for 42 gold pieces
  3630 | D:4      | Bought a potion of might for 56 gold pieces
  3676 | D:4      | Noticed Blork the orc
  3693 | D:4      | Killed Blork the orc
  3694 | D:4      | Reached XP level 6. HP: 21/48 MP: 13/13
  4545 | D:5      | Entered Level 5 of the Dungeon
  4580 | D:5      | Found a staircase to the Ecumenical Temple.
  5429 | D:6      | Reached XP level 7. HP: 56/56 MP: 12/14
  5737 | D:6      | Found Parcho's Magic Scroll Emporium.
  5738 | D:6      | Found Usuimis's Distillery.
  5739 | D:6      | Found Sore's Jewellery Shop.
  5810 | D:6      | Noticed Grinder
  5823 | D:6      | Killed Grinder
  5824 | D:6      | Reached skill level 5 in Unarmed Combat
  5920 | D:6      | Bought a scroll of teleportation for 36 gold pieces
  5920 | D:6      | Bought a scroll of identify for 24 gold pieces
  6015 | D:6      | Reached XP level 8. HP: 50/63 MP: 15/15
  6218 | D:6      | Reached skill level 6 in Unarmed Combat
  6758 | D:7      | Reached skill level 1 in Throwing
  7354 | D:7      | Reached skill level 7 in Unarmed Combat
  7526 | D:7      | Reached XP level 9. HP: 72/72 MP: 16/16
  7995 | D:8      | Reached skill level 5 in Transmutations
  8192 | D:8      | Reached skill level 5 in Dodging
  8412 | D:8      | Reached skill level 5 in Fighting
  8794 | D:8      | Noticed a manticore
  8810 | D:8      | Killed a manticore
  8811 | D:8      | Reached skill level 8 in Unarmed Combat
  8826 | D:8      | HP: 2/111 [killer bee (7)]
  9218 | D:8      | Noticed an Executioner
  9222 | D:8      | Noticed an angel
  9318 | D:8      | Noticed Psyche
  9334 | D:8      | Killed Psyche
  9747 | D:9      | Found Koarheh's Assorted Antiques.
  9902 | D:9      | Bought a triangular brass amulet for 145 gold pieces
  9945 | D:9      | Found Zeraokk's Armour Emporium.
 10016 | D:9      | Noticed Harold
 10040 | D:9      | HP: 3/111 [bullfrog (6)]
 10045 | D:9      | HP: 3/111 [Harold/+2 halberd of venom (19)]
 10046 | D:9      | Demolished by Harold

Illustrated notes

Levels and vault maps discovered:
D:1:      wander_arrival_fairy_ring, layout_loops_ring,
          shapermc_ecumenical_altar_venn, chequers_arboretum, minivault_19
D:2:      layout_rooms, minmay_misc_feat_tiny
D:3:      layout_loops_ring, uniq_robin, uniq_ijyb
D:4:      layout_loops_ring, ashenzari_conservatory_becter, kennysheep_mini,
          hangedman_decor_growths, nicolae_stop_n_shop_2, uniq_blork_the_orc
D:5:      layout_loops_cross, minmay_temple_entry_sparse_star
D:6:      layout_loops_ring, minmay_misc_feat_cross, nicolae_wooded_promenade,
          minmay_joined_circles, uniq_grinder
D:7:      layout_basic, nicolae_elyvilon_peaceful_grove,
          dreamdust_gnoll_shepherd
D:8:      layout_basic, kennysheep_mini_moat, overflow_temple_1_default,
          grunt_temple_overflow_order_and_chaos_2, minmay_misc_feat_square,
          uniq_psyche
D:9:      old_forge, layout_cave_pools, lemuel_round_altar, serial_shops,
          nicolae_lakefront_shop, nicolae_shop_trees,
          nicolae_shop_window_shopping, nicolae_shop_waterfront, uniq_harold

Skill      XL: |  1  2  3  4  5  6  7  8  9 |
---------------+----------------------------+-----
Fighting       | 1 2 3 4 5 |  5.5
Spellcasting   | 2 3 |  3.2
Unarmed Combat | 3 4 5 7 8 |  8.4
Dodging        | 2 3 4 5 |  5.7
Transmutations | 2 3 4 5 |  5.8
Armour         | 1 2 3 |  3.0
Throwing       | 1 3 |  3.2

Action                   |  1- 3 |  4- 6 |  7- 9 || total
-------------------------+-------+-------+-------++-------
Melee: Unarmed           |    96 |   200 |   410 ||   706
       Kick              |    20 |    52 |    22 ||    94
       Punch             |     3 |     3 |    15 ||    21
       Headbutt          |     6 |    28 |    15 ||    49
Throw: Javelin           |       |     2 |     9 ||    11
       Throwing net      |       |     2 |       ||     2
       Dart              |       |       |    13 ||    13
 Cast: Beastly Appendage |    17 |    29 |     6 ||    52
       Wereblood         |     1 |     5 |    26 ||    32
 Abil: End Transformatio |       |     1 |       ||     1
Evoke: Wand              |       |       |     1 ||     1
  Use: Potion            |     1 |     1 |    11 ||    13
       Scroll            |       |       |     9 ||     9
 Stab: Sleeping          |     1 |     3 |       ||     4
       Distracted        |       |     1 |       ||     1
Armor: Robe              |    21 |    18 |    28 ||    67
       Skin              |     6 |     2 |    99 ||   107
       Leather armour    |       |    21 |       ||    21
       Ring mail         |       |       |    95 ||    95
Dodge: Dodged            |    63 |   108 |   228 ||   399
Block: Other             |       |       |    10 ||    10
